 Dungeon Crawl Stone Soup version 0.27.1-4-g1640c2035a (webtiles) character file.

Game seed: 8108240137297478447

1050 VictoriousLee the Bolt Thrower (level 8, -2/37 HPs)
             Began as a Spriggan Arcane Marksman on Nov 3, 2021.
             Killed from afar by an orc wizard (11 damage)
             ... with a puff of flame
             ... on level 4 of the Dungeon on Nov 5, 2021.
             The game lasted 00:38:41 (8587 turns).

VictoriousLee the Bolt Thrower (SpAM)               Turns: 8587, Time: 00:38:41

Health: -2/37      AC:  2    Str:  6    XL:     8   Next: 5%
Magic:  11/11      EV: 17    Int: 16    God:
Gold:   239        SH:  0    Dex: 16    Spells: 5/9 levels left

rFire    . . .     SeeInvis +   t - +2 dagger (speed)
rCold    . . .     Faith    .   (shield restricted)
rNeg     + . .     Spirit   .   d - +0 robe
rPois    .         Reflect  .   (helmet restricted)
rElec    .         Harm     .   (no cloak)
rCorr    .         Rampage  .   (gloves unavailable)
Will     +....                  (boots unavailable)
Stlth    +++.......             (no amulet)
HPRegen  0.12/turn              I - ring of positive energy
MPRegen  0.12/turn              (no ring)

@: very quick
A: very small, no large weapons, unfitting armour, see invisible, speed 3
a: no special abilities


You were on level 4 of the Dungeon.
You visited 1 branch of the dungeon, and saw 4 of its levels.

You collected 239 gold pieces.

Inventory:

Hand Weapons
 a - a +0 hand crossbow
 b - a +2 dagger of draining
 f - a +0 whip of freezing
 t - a +2 dagger of speed (weapon)
 w - a +0 hunting sling
 x - a +0 whip of electrocution
 C - a +2 vampiric trident
 F - a +2 quarterstaff of draining
Missiles
 g - 56 sling bullets
 h - 63 stones (quivered)
 k - 2 curare-tipped darts
 s - 6 poisoned darts
 y - 2 throwing nets
 B - 7 bolts
 E - 8 boomerangs
Armour
 d - a +0 robe (worn)
 q - a +0 buckler
Jewellery
 I - a ring of positive energy (left hand)
Wands
 v - a wand of flame (2)
Scrolls
 e - 2 scrolls of teleportation {unknown}
 p - a scroll of immolation {unknown}
 A - a scroll of fear {unknown}
 D - a scroll of torment {unknown}
Potions
 j - a potion of might {unknown}
 l - 3 potions of ambrosia
 m - 3 potions of attraction
 n - 2 potions of degeneration
 o - a potion of haste
 r - 2 potions of heal wounds
 H - a potion of lignification {unknown}


   Skills:
 - Level 0.7 Fighting
 * Level 5.2 Short Blades
 - Level 6.0 Crossbows
 - Level 2.6 Dodging
 + Level 5.8 Stealth
 - Level 1.3 Spellcasting
 - Level 4.0 Hexes
 - Level 5.0 Translocations


You had 5 spell levels left.
You knew the following spells:

 Your Spells              Type           Power      Damage    Failure   Level
a - Corona                Hex            15%        N/A       4%          1
b - Portal Projectile     Hex/Tloc       30%        N/A       11%         3

Your spell library contained the following spells:

 Spells                   Type           Power      Damage    Failure   Level
 Slow                     Hex            14%        N/A       6%          2
 Confusing Touch          Hex            14%        N/A       13%         3
 Inner Flame              Hex/Fire       7%         N/A       28%         3
 Cause Fear               Hex            7%         N/A       38%         4
 Vampiric Draining        Necr           0%         2d6       54%         3


Dungeon Overview and Level Annotations

Branches:
Dungeon (4/15)
 Temple: D:4-7

Altars:

Annotations:
D:4 Dowan


Innate Abilities, Weirdness & Mutations

You are very small and have problems with some larger weapons.
You are too small for most types of armour.
You have supernaturally acute eyesight. (SInv)
You cover ground extremely quickly. (Speed+++)


Message History

The orc wizard is moderately wounded.
The orc wizard hits you but does no damage.
You hit the orc wizard.
The orc wizard is heavily wounded.
You hit the orc wizard.
The orc wizard is severely wounded.
The orc wizard completely misses you.
You hit the orc wizard but do no damage.
The orc wizard is severely wounded.
You closely miss the orc wizard.
The orc wizard is severely wounded.
The orc wizard closely misses you.
You hit the orc wizard but do no damage.
The orc wizard is severely wounded.
You closely miss the orc wizard.
The orc wizard is severely wounded.
You hit the orc wizard but do no damage.
The orc wizard is severely wounded.
The orc wizard hits you with a +0 dagger.
You barely miss the orc wizard.
The orc wizard is severely wounded.
You closely miss the orc wizard.
The orc wizard is severely wounded.
The orc wizard gestures at you while chanting.
The magic dart hits you.
You closely miss the orc wizard.
The orc wizard is severely wounded.
You miss the orc wizard.
The orc wizard is severely wounded.
The orc wizard hits you with a +0 dagger.
* * * LOW HITPOINT WARNING * * *
You hit the orc wizard but do no damage.
The orc wizard is severely wounded.
The orc wizard hits you with a +0 dagger.
* * * LOW HITPOINT WARNING * * *
You hit the orc wizard but do no damage.
The orc wizard is severely wounded.
The orc wizard casts a spell at you. The puff of flame hits you!
You die...

..####l## #..#..## #..#...#..##..
### #.## #..#..# #.###........#
### #..###..#..####.# ##......[#
..## #.>.##..#.......## ##.....##
...###.##.............####.....##
##....#####...#######.........##.
###.## ##...## ##........... #.#
#.....#####............ # #.#
##.####@..#..##......... ####.#
###...####...####.........
.....###..##..# ##o.# ##.........
#........####.####..###..........
##......## ##.##.o..#.........##
##....######..................##
##......##..))...###............
#..........##....###......##....
...##......####...#........###...


You could see an orc wizard (invisible).

Vanquished Creatures
  Eustachio (D:4)
  Duvessa (D:4)
  An ogre (D:3)
  A scorpion (D:3)
  2 howler monkeys (D:3)
  A bullfrog zombie (D:4)
  A hound (D:3)
  A bullfrog skeleton (D:4)
  Jessica (D:3)
  A centaur skeleton (D:4)
  An orc wizard (D:3)
  A mummy (D:4)
  3 adders
  22 gnolls (D:3)
  An adder skeleton (D:4)
  2 worms (D:3)
  2 dart slugs
  20 orcs
  9 ball pythons
  5 bats
  5 endoplasms
  3 giant cockroaches (D:1)
  11 goblins
  6 hobgoblins
  15 jackals
  11 kobolds
  5 quokkas
  5 frilled lizards
  2 hobgoblin zombies (D:4)
  A kobold zombie (D:4)
  7 rats
148 creatures vanquished.

Vanquished Creatures (others)
  6 plants (D:3)
6 creatures vanquished.

Grand Total: 154 creatures vanquished

Notes
Turn   | Place    | Note
-------+----------+-------------------------------------------
     0 | D:1      | VictoriousLee the Spriggan Arcane Marksman began the quest
                  | for the Orb.
     0 | D:1      | Reached XP level 1. HP: 9/9 MP: 3/3
    92 | D:1      | Found a faded altar of an unknown god.
   158 | D:1      | Reached XP level 2. HP: 14/14 MP: 5/5
   172 | D:1      | Reached skill level 3 in Crossbows
   621 | D:1      | Reached XP level 3. HP: 14/17 MP: 6/6
   798 | D:2      | Reached skill level 1 in Stealth
  1784 | D:2      | Reached skill level 4 in Crossbows
  1942 | D:2      | Learned a level 3 spell: Portal Projectile
  2168 | D:2      | Reached XP level 4. HP: 21/21 MP: 7/7
  2799 | D:3      | Noticed Jessica
  2801 | D:3      | Reached skill level 1 in Short Blades
  2819 | D:3      | Killed Jessica
  3213 | D:3      | Reached XP level 5. HP: 8/25 MP: 8/8
  3743 | D:3      | Noticed an ogre
  3751 | D:3      | Killed an ogre
  3752 | D:3      | Reached skill level 5 in Crossbows
  3752 | D:3      | Reached XP level 6. HP: 16/29 MP: 9/9
  4250 | D:3      | Reached skill level 1 in Translocations
  4912 | D:3      | Reached XP level 7. HP: 20/32 MP: 10/10
  4914 | D:3      | HP: 1/32 [gnoll (10)]
  5310 | D:3      | Reached skill level 6 in Crossbows
  6833 | D:4      | HP: 1/32 [bullfrog zombie (6)]
  7222 | D:4      | Reached skill level 5 in Translocations
  8106 | D:4      | Noticed Eustachio
  8121 | D:4      | Killed Eustachio
  8122 | D:4      | Reached skill level 5 in Stealth
  8223 | D:4      | Noticed Duvessa
  8224 | D:4      | Noticed Dowan
  8236 | D:4      | Killed Duvessa
  8237 | D:4      | Reached skill level 5 in Short Blades
  8237 | D:4      | Reached XP level 8. HP: 21/37 MP: 11/11
  8587 | D:4      | Killed from afar by an orc wizard

Illustrated notes

Levels and vault maps discovered:
D:1:      lightli_arrival_flooded_house, layout_basic,
          hellmonk_ecumenical_altar_pennies_from_heaven
D:2:      layout_basic
D:3:      lemuel_castle_with_subvaults [lemuel_castle_interior_original],
          layout_basic, uniq_jessica
D:4:      layout_layer_cave, minmay_mini_ossuary, uniq_eustachio, uniq_duvessa

Skill      XL: |  1  2  3  4  5  6  7 |
---------------+----------------------+-----
Crossbows      | 3 4 5 6 |  6.0
Stealth        | 2 3 4 5 |  5.8
Short Blades   | 1 2 5 |  5.2
Translocations | 2 5 |  5.0
Hexes          | 4 |  4.0
Fighting       | |  0.7
Dodging        | |  2.6
Spellcasting   | |  1.3

Action                   |  1- 3 |  4- 6 |  7- 9 || total
-------------------------+-------+-------+-------++-------
Melee: Dagger            |    84 |   174 |   232 ||   490
 Fire: Hand crossbow     |    41 |    57 |     6 ||   104
Throw: Dart              |       |    18 |     5 ||    23
       Stone             |       |     3 |     1 ||     4
       Throwing net      |       |       |     1 ||     1
 Cast: Corona            |       |    13 |     1 ||    14
Evoke: Wand              |       |       |    10 ||    10
  Use: Scroll            |       |     5 |     1 ||     6
       Potion            |       |       |     1 ||     1
 Stab: Sleeping          |     6 |     2 |     4 ||    12
       Distracted        |     1 |       |       ||     1
       Held in net/web   |       |       |     2 ||     2
       Invisible         |       |       |     1 ||     1
Armor: Robe              |     3 |    14 |    10 ||    27
Dodge: Dodged            |    49 |   101 |   104 ||   254
